 Dungeon Crawl Stone Soup version 0.29-a0-962-gc8bbfd0a37 (webtiles) character file.

Game seed: 3141645819854133660

366 wilfster70 the Digger (level 6, 0/32 HPs)
             Began as a Gargoyle Earth Elementalist on July 30, 2022.
             Splashed by a jelly's acid (7 damage)
             ... on level 4 of the Dungeon.
             The game lasted 00:13:18 (3296 turns).

wilfster70 the Digger (Gargoyle Earth Elementalist) Turns: 3296, Time: 00:13:19

Health: 0/32       AC:  6    Str: 12    XL:     6   Next: 68%
Magic:  12/12      EV: 12    Int: 17    God:
Gold:   125        SH:  0    Dex: 10    Spells: 9/14 levels left

rFire   + + .      SeeInvis .   b - +1 trident (venom)
rCold   + . .      Faith    .   (no shield)
rNeg    + . .      Spirit   .   c - +1 robe
rPois   ∞          Reflect  .   (no helmet)
rElec   +          Harm     .   g - scarf {rC+ rF+}
rCorr   .          Rampage  .   s - +0 pair of gloves
Will    .....                   n - +1 pair of boots
Stlth   +.........              o - amulet of magic regeneration
HPRegen 0.10/turn               u - ring of protection from fire
MPRegen 0.53/turn               (no ring)

@: confused, corroded
A: sickness immunity, AC +4, negative energy resistance 1, electricity
resistance, torment resistance 1, petrification resistance
a: no special abilities


You were on level 4 of the Dungeon.
You visited 1 branch of the dungeon, and saw 4 of its levels.

You collected 125 gold pieces.

Inventory:

Hand Weapons
 a - a +0 sling
 b - a +1 trident of venom (weapon)
Missiles
 k - 6 poisoned darts
Armour
 c - a +1 robe (worn)
 g - a scarf of resistance (worn)
 n - a +1 pair of boots (worn)
 s - a +0 pair of gloves (worn)
Jewellery
 m - the amulet "Pearph" {Acrobat +Inv rCorr}
   (You found it on level 3 of the Dungeon)

   [amulet of the acrobat]

   It increases your evasion while moving and waiting.
   +Inv:      It lets you turn invisible.
   rCorr:     It protects you from acid and corrosion.
 o - an amulet of magic regeneration (around neck)
 u - a ring of protection from fire (left hand)
Wands
 q - a wand of paralysis (8)
Scrolls
 r - 2 scrolls of identify
 t - a scroll of enchant weapon {unknown}
Potions
 d - 3 potions of lignification
 e - 3 potions of flight
 f - 2 potions of mutation
 h - a potion of attraction
 l - a potion of magic


   Skills:
 - Level 1.7 Dodging
 - Level 2.4 Stealth
 + Level 4.5 Spellcasting
 * Level 1.7 Translocations
 - Level 1.0 Transmutations
 - Level 6.0 Earth Magic


You had 9 spell levels left.
You knew the following spells:

 Your Spells              Type           Power      Damage    Failure   Level
a - Sandblast             Erth           48%        2d12      1%          1
b - Passwall              Tmut/Erth      12%        N/A       5%          2
c - Blink                 Tloc           18%        N/A       11%         2

Your spell library contained the following spells:

 Spells                   Type           Power      Damage    Failure   Level
 Stone Arrow              Conj/Erth      28%        3d8       13%         3
 Ensorcelled Hibernation  Hex/Ice        6%         N/A       22%         2
 Poisonous Vapours        Pois/Air       6%         N/A       22%         2
 Lesser Beckoning         Tloc           9%         N/A       22%         3
 Petrify                  Tmut/Erth      15%        N/A       34%         4
 Swiftness                Air            3%         N/A       41%         3
 Corpse Rot               Necr/Pois/Air  3%         N/A       83%         4
 Manifold Assault         Tloc           9%         N/A       90%         5


Dungeon Overview and Level Annotations

Branches:
Dungeon (4/15)
 Temple: D:4-7

Altars:
Wu Jian

Shops:
D:1 !((:!

Annotations:
D:3 Ijyb


Innate Abilities, Weirdness & Mutations

You are immune to sickness and miasma.
Your stone body is resilient. (AC +4)
You are immune to poison.
You resist negative energy. (rN+)
You are resistant to electric shocks. (rElec)
You are resistant to unholy torment.
You are immune to petrification.


Message History

You hit the orc.
You kill the orc!
The orc wizard hits you with a +4 dagger.
* * * LOW HITPOINT WARNING * * *
The orc hits you but does no damage. The orc barely misses you.
As you read the scroll labelled YZUITU OMPOG, it crumbles to dust.
It is a scroll of amnesia.
Really abort (and waste the scroll)?
Okay, then.
The orc wizard points at you and mumbles some strange words.
You are confused.
The orc hits you but does no damage. The jelly hits you but does no damage.
The orc barely misses you.
Okay, then.
Unknown command.
You are too confused!
Saving game... please wait.
Welcome back, wilfster70 the Gargoyle Earth Elementalist.
Press ? for a list of commands and other information.
You bump into the rock wall.
The orc wizard hits you but does no damage.
The orc hits you but does no damage. The jelly misses you. The orc misses you.
Unknown command.
Unknown command.
You miss the orc wizard. The jelly hits you but does no damage.
The orc wizard hits you but does no damage.
The orc hits you but does no damage. x2
You're too confused to move!
The orc wizard points at you and mumbles some strange words.
The magic dart hits you but does no damage.
The jelly hits you but does no damage. The orc barely misses you.
The orc closely misses you.
You bump into the rock wall.
The orc wizard points at you and mumbles some strange words.
The puff of flame hits you. You resist.
* * * LOW HITPOINT WARNING * * *
The orc hits you but does no damage. The jelly hits you.
* * * LOW HITPOINT WARNING * * *
The acid corrodes you!
You are splashed with acid!
You die... .......##... #..# ##.#..###..# #..# #...## #..# . .... ####.####..# .○ ....## ...†.......# #######☼○○ #.#.# ##########†# #°☼.#°.○ #.#.# #.# #...○○ #########.## #ooJ#

...........# #@#
[§§≈≈≈≈≈≈≈.# #o#
.≈.§...§.≈.# #)#
.§§#####!§.####.#
.§ #....S≈..o.§.#
. #._.#.≈..#####
# ....#)≈..# #.
### #.≈o§#
#.##########
.§§§≈§.#
#..........#


You could see a jelly, an orc wizard and 2 orcs.

Vanquished Creatures
  A black bear (D:4)
  An orc priest (D:4)
  Jessica (D:3)
  An iguana (D:4)
  An orc wizard (D:4)
  4 gnolls (D:2)
  6 adders
  A dart slug (D:1)
  4 orcs
  5 ball pythons
  5 bats
  8 endoplasms
  2 giant cockroaches (D:1)
  6 goblins
  6 hobgoblins
  4 jackals (D:3)
  6 kobolds
  4 quokkas
  3 frilled lizards
  4 rats
73 creatures vanquished.

Notes
Turn   | Place    | Note
-------+----------+-------------------------------------------
     0 | D:1      | wilfster70 the Gargoyle Earth Elementalist began the quest
                  | for the Orb.
     0 | D:1      | Reached XP level 1. HP: 10/10 MP: 3/3
    50 | D:1      | Found Vacefen's Weapon Emporium.
   238 | D:1      | Found Syrodasudo's Distillery.
   281 | D:1      | Reached skill level 1 in Transmutations
   281 | D:1      | Reached XP level 2. HP: 15/15 MP: 1/5
   325 | D:1      | Learned a level 2 spell: Passwall
   417 | D:1      | Found Zicwoc's Book Shop.
   540 | D:1      | Found a faded altar of an unknown god.
   738 | D:1      | Reached skill level 4 in Earth Magic
   759 | D:1      | Learned a level 2 spell: Blink
   770 | D:1      | Found Amaint's Distillery.
   925 | D:1      | Reached XP level 3. HP: 19/19 MP: 3/6
  1096 | D:1      | Found Ymeomieg's Weapon Shoppe.
  1651 | D:2      | Reached XP level 4. HP: 24/24 MP: 4/8
  1668 | D:2      | HP: 1/24 [gnoll/+0 whip (6)]
  1675 | D:2      | Reached skill level 5 in Earth Magic
  2061 | D:3      | Noticed Ijyb
  2107 | D:3      | Identified the amulet "Pearph" {Acrobat +Inv rCorr}
  2138 | D:3      | Reached XP level 5. HP: 28/28 MP: 8/10
  2343 | D:3      | Noticed Jessica
  2346 | D:3      | Killed Jessica
  2835 | D:4      | Noticed a black bear
  2849 | D:4      | Killed a black bear
  2850 | D:4      | Reached skill level 6 in Earth Magic
  2850 | D:4      | Reached XP level 6. HP: 26/32 MP: 9/12
  3246 | D:4      | Reached skill level 1 in Translocations
  3260 | D:4      | Found the -2 hat of the Alchemist {rElec rPois rF+ rC+ rN+
                  | Will+ rMut rCorr}
  3265 | D:4      | Found an ornate altar of the Wu Jian Council.
  3296 | D:4      | Splashed by a jelly's acid

Illustrated notes

Levels and vault maps discovered:
D:1:      minmay_arrival_glassed_features, layout_loops_ring, serial_shops,
          nicolae_shop_bloodbath_and_beyond, nicolae_shop_hallway_stairs,
          shop_statue, shop, nicolae_shop_trees, basic_ecumenical_altar
D:2:      kennysheep_big_flooded_room, layout_basic, minmay_misc_feat_plants
D:3:      layout_rooms, uniq_jessica, uniq_ijyb
D:4:      layout_loops_ring, mainiacjoe_overflow_brackets, minmay_misc_feat_x

Skill      XL: |  1  2  3  4  5  6 |
---------------+-------------------+-----
Transmutations | 1 |  1.0
Earth Magic    | 4 5 6 |  6.0
Spellcasting   | 3 4 |  4.5
Translocations | 1 |  1.7
Dodging        | |  1.7
Stealth        | |  2.4

Action                   |  1- 3 |  4- 6 || total
-------------------------+-------+-------++-------
Melee: Trident           |       |    35 ||    35
       Punch             |       |     1 ||     1
 Fire: Sling             |    26 |     5 ||    31
 Cast: Sandblast         |    45 |    41 ||    86
       Passwall          |     4 |       ||     4
  Use: Scroll            |     7 |     4 ||    11
       Potion            |       |     4 ||     4
 Stab: Sleeping          |       |     2 ||     2
Armor: Robe              |    15 |    46 ||    61
Dodge: Dodged            |    44 |    72 ||   116

Table legend: (Time is in decaauts)
 A = Elapsed time spent in this place.
 B = Non-inter-level travel time spent in this place.
 C = Inter-level travel time spent in this place.
 D = Time resting spent in this place.
 E = Time spent auto-exploring this place.
 F = Levels seen in this place.
 G = Mean time per level.
                   A        B        C        D        E       F      G
               +--------+--------+--------+--------+--------+-----+--------+
         Total |   3403 |   3331 |     72 |    891 |   1261 |   4 |  850.8 |
       Dungeon |   3403 |   3331 |     72 |    891 |   1261 |   4 |  850.8 |
               +--------+--------+--------+--------+--------+-----+--------+

Top non-repeatable levels by time:
     D:1: 1331 daAuts
     D:2: 825 daAuts
     D:3: 704 daAuts
     D:4: 541 daAuts
